 Dungeon Crawl Stone Soup version 0.28.0-1-gb440e238dd (webtiles) character file.

Game seed: 2713884160713767434

2 spaghetti the Charlatan (level 1, -2/15 HPs)
             Began as a Mummy Artificer on Feb 20, 2022.
             Slain by a kobold (4 damage)
             ... on level 1 of the Dungeon.
             The game lasted 00:00:13 (68 turns).

spaghetti the Charlatan (Mummy Artificer)             Turns: 68, Time: 00:00:14

Health: -2/15      AC:  3    Str: 15    XL:     1   Next: 25%
Magic:  1/1        EV: 11    Int: 10    God:
Gold:   0          SH:  0    Dex: 12    Spells: 0/0 levels left

rFire   x . .      SeeInvis .   a - +0 club
rCold   + . .      Faith    .   (no shield)
rNeg    + + +      Spirit   .   b - +0 leather armour
rPois   ∞          Reflect  .   (no helmet)
rElec   .          Harm     .   (no cloak)
rCorr   .          Rampage  .   (no gloves)
Will    .....                   (no boots)
Stlth   +.........              (no amulet)
HPRegen 0.05/turn               (no ring)
MPRegen 0.07/turn               (no ring)

@: no status effects
A: cold resistance 1, negative energy resistance 3, torment resistance 2, heat
vulnerability 1, no potions
a: no special abilities


You were on level 1 of the Dungeon.
You visited 1 branch of the dungeon, and saw 1 of its levels.

Inventory:

Hand Weapons
 a - a +0 club (weapon)
Armour
 b - a +0 leather armour (worn)
Wands
 c - a wand of flame (14) (quivered)
 d - a wand of charming (15)
Scrolls
 f - 2 scrolls of teleportation {unknown}
Miscellaneous
 e - a piece from Xom's chessboard (15/15)


   Skills:
 + Level 1.3 Fighting
 - Level 1.5 Armour
 - Level 0.7 Dodging
 - Level 0.7 Stealth
 - Level 2.4 Evocations


You couldn't memorise any spells.
You didn't know any spells.
Your spell library was empty.

Dungeon Overview and Level Annotations

Branches:
Dungeon (1/15)

Altars:


Innate Abilities, Weirdness & Mutations

You are immune to poison.
Your flesh is cold resistant. (rC+)
You are immune to negative energy. (rN+++)
You are immune to unholy pain and torment.
You are vulnerable to heat. (rF-)
You do not drink.


Message History

You miss the quokka. The quokka bites you.
You hit the quokka.
The quokka is heavily wounded.
The quokka bites you. The quokka barely misses you.
You barely miss the quokka.
The quokka is heavily wounded.
The quokka bites you.
You are too injured to fight recklessly!
You are too injured to fight recklessly!
You are too injured to fight recklessly!
You are too injured to fight recklessly!
You are too injured to fight recklessly!
You are too injured to fight recklessly!
You are too injured to fight recklessly!
You are too injured to fight recklessly!
You are too injured to fight recklessly!
You are too injured to fight recklessly!
There are monsters nearby!
The quokka bites you but does no damage.
You are too injured to fight recklessly!
You barely miss the quokka.
The quokka is heavily wounded.
The quokka closely misses you.
You barely miss the quokka.
The quokka is heavily wounded.
The quokka closely misses you. x2
You hit the quokka.
You kill the quokka!
You closely miss the kobold. The kobold closely misses you.
The kobold hits you but does no damage.
You hit the kobold but do no damage. The kobold hits you but does no damage.
You hit the kobold but do no damage. The kobold hits you but does no damage.
You hit the kobold but do no damage. The kobold hits you with a +0 whip.
* * * LOW HITPOINT WARNING * * *
Aiming: Throw Flame
Press: ? - help, Q - select action, (/) - cycle Shift-Dir - straight line, f - kobold
Aim: a kobold, wielding a +0 whip (64% to hit)
The puff of flame misses the kobold.
The kobold hits you with a +0 whip.
You die...

.......## ........#
........# ###
........# ♣.♣
........# .♣♣♣###
........##
......#######..K..#
#♣♣.....♣♣♣######K#
###♣♣...........@.#
..# ♣♣♣......†..###
..####♣♣♣......♣#
..#..###♣♣.....♣
8.#....# ♣♣....♣
..#....# ♣.....♣
8.'..<.# ♣♣.♣♣♣#
..#....# .♣♣
######## ♣


You could see a kobold.

Vanquished Creatures
  A quokka (D:1)
  A ball python (D:1)
2 creatures vanquished.

Notes
Turn   | Place    | Note
-------+----------+-------------------------------------------
     0 | D:1      | spaghetti the Mummy Artificer began the quest for the Orb.
     0 | D:1      | Reached XP level 1. HP: 15/15 MP: 1/1
    68 | D:1      | Slain by a kobold

Illustrated notes

Levels and vault maps discovered:
D:1:      sevenhm_arrival_forest_fort_large_2, layout_rooms, serial_rivers,
          chequers_serial_rivers_room_b, chequers_serial_rivers_small_3,
          chequers_serial_rivers_small_3, chequers_serial_rivers_marsh,
          chequers_serial_rivers_small_b, chequers_serial_rivers_small_a,
          minmay_split_cup_large

Action                   || total
-------------------------++-------
Melee: Club              ||    11
Evoke: Wand              ||     1
Armor: Leather armour    ||     4
Dodge: Dodged            ||     7
